 Dungeon Crawl Stone Soup version 0.21.1-1-g345015fe64 (webtiles) character file.

3105 Jannitor the Vexing (level 9, 0/57 HPs)
             Began as a Demonspawn Enchanter on June 23, 2018.
             Was a Priest of Okawaru.
             Succumbed to a killer bee's poison
             ... on level 7 of the Dungeon.
             The game lasted 00:29:24 (11594 turns).

Jannitor the Vexing (Demonspawn Enchanter)         Turns: 11594, Time: 00:29:25

Health: 0/57       AC: 11    Str: 15      XL:     9   Next: 60%
Magic:  0/12       EV: 12    Int: 14 (20) God:    Okawaru [***...]
Gold:   458        SH:  0    Dex: 13      Spells: 6/12 levels left

rFire    . . .     SeeInvis .   a - +0 dagger (speed)
rCold    + . .     Gourm    .   (no shield)
rNeg     . . .     Faith    .   g - +2 leather armour {rC+}
rPois    .         Spirit   .   s - +1 helmet
rElec    .         Reflect  .   (no cloak)
rCorr    .         Harm     .   r - +0 pair of gloves
MR       .....                  (no boots)
Stlth    ++++......             n - amulet of rage
HPRegen  0.19/turn              t - +6 ring of strength
MPRegen  0.13/turn              (no ring)

@: lethally poisoned (0 -> -26)
A: claws 2, slimy green scales 2, nightstalker 1, spiny 1
a: Heroism, Renounce Religion, Evoke Berserk Rage


You were on level 7 of the Dungeon.
You worshipped Okawaru.
Okawaru was most pleased with you.
You were not hungry.

You visited 2 branches of the dungeon, and saw 9 of its levels.

You collected 458 gold pieces.

Inventory:

Hand Weapons
 a - a +0 dagger of speed (weapon)
 b - a +2 blowgun
 l - a +1 dagger
 E - a +1 rapier of draining
Missiles
 e - 218 stones (quivered)
 f - 7 javelins of returning
 i - 20 poisoned needles
 j - 3 needles of sleeping
Armour
 g - a +2 leather armour of cold resistance (worn)
 h - a +0 robe
 r - a +0 pair of gloves (worn)
 s - a +1 helmet (worn)
 F - the +10 large shield of Ignorance {rN+ Int-4}
   (You found it on level 7 of the Dungeon)

   It affects your intelligence (-4).
   It protects you from negative energy.
Jewellery
 n - an amulet of rage (around neck)
 t - a +6 ring of strength (left hand)
 v - an uncursed ring of fire
 y - an uncursed ring of fire
Wands
 z - a wand of flame (19)
Scrolls
 k - 2 scrolls of blinking
 m - 4 scrolls of teleportation
 p - a scroll of immolation {unknown}
 q - a scroll of remove curse {unknown}
 u - a scroll of magic mapping {unknown}
 w - a scroll of enchant armour {unknown}
 x - a scroll of fear {unknown}
 C - a scroll of identify
Potions
 o - a potion of brilliance
 A - 3 potions of resistance
 B - 2 potions of flight
Books
 c - a book of Maledictions

   Spells                             Type                      Level
   a - Corona                         Hexes                        1
   b - Ensorcelled Hibernation        Hexes/Ice                    2
   c - Confuse                        Hexes                        3
   d - Tukima's Dance                 Hexes                        3
   e - Dazzling Spray                 Conjuration/Hexes            3
Comestibles
 d - 6 rations


   Skills:
 + Level 0.0 Fighting
 + Level 5.2 Short Blades
 - Level 6.3 Throwing
 - Level 4.0 Armour
 - Level 1.7 Dodging
 + Level 6.1 Stealth
 - Level 2.0 Spellcasting
 + Level 6.5 Hexes
 - Level 1.2 Ice Magic
 + Level 3.4 Invocations
 - Level 1.0 Evocations


You had 6 spell levels left.
You knew the following spells:

 Your Spells              Type           Power        Failure   Level  Hunger
a - Corona                Hex            ###....      1%          1    ##.....
b - Ensorcelled Hibernat  Hex/Ice        ##....       9%          2    ###....
c - Confuse               Hex            ###.....     6%          3    ####...


Dungeon Overview and Level Annotations

Branches:
Dungeon (8/15)             Temple (1/1) D:4
   Lair: D:8-11

Altars:
Ashenzari
Cheibriados
Dithmenos
Elyvilon
Fedhas
Gozag
Kikubaaqudgha
Makhleb
Nemelex Xobeh
Okawaru
Qazlal
Ru
Sif Muna
Trog
Uskayaw
Vehumet
Wu Jian
Xom
Yredelemnul
Zin
The Shining One

Annotations:
D:3 Ijyb
D:5 1 exclusion
D:6 2 transporters, exclusion: 2 yaks
D:7 1 runed door, exclusions: hungry ghost and 4 orange crystal statues
D:8 exclusion: komodo dragon, Grum


Innate Abilities, Weirdness & Mutations

You have very sharp fingernails.
You are mostly covered in slimy green scales. (AC +3)
You are slightly more attuned to the shadows.
You are partially covered in sharp spines.


Message History

The killer bee is struck by your spines.
You kill the killer bee!
The killer bee's corpse dissolves into shadows!
The orange crystal statue glitters.
You open the door.
* * * LOW HITPOINT WARNING * * *
You feel very sick.
The killer bee is struck by your spines.
The killer bee misses you. The scorpion closely misses you.
The killer bee barely misses you.
The big kobold is struck by your spines.
The big kobold hits you but does no damage.
The orange crystal statue glitters topaz in the dim dungeon light.
The orange crystal statue glitters.
You resist with almost no effort. The kobold hits you but does no damage.
The orange crystal statue glitters.
You resist with some effort.
The orange crystal statue fixes its piercing gaze on you.
You barely miss the scorpion.
You die...

#.##########..#..##...
#####.....................
#...........##.##.##.#....
#.###..####.##.#.#.#.#.###
#####.# #..# ##.##..###....# #
#.....###..###...#.#.#.#[#.###
#.#####............##.##.#....
#.# ##.####s####...[.....##.# #.#
#..#8.KK@s8#.......#.....
#.####..#.#.Ky#n#.##...###.##. ##
#.......#..KoKo.#.....## ##.#.
.###.###...#...hoo.#.##...###...#
.....# #..(#......r#.##..#.#.#.##
.#.### #...#.#..c#.#..........##
##.# #.#.#8.....8#.##.....##.##
#.# #.#.####+####.##.###.##..#
#.# #.#...........##.# #.##.#.


You could see 4 orange crystal statues, a big kobold, a necrophage, a centaur, 2
scorpions, a howler monkey, a killer bee, an orc wizard, 3 orcs, a quokka and 4
kobolds.

Vanquished Creatures
  Pikel (D:7)
  A wyvern (D:7)
  An orc warrior (D:8)
  3 wolves
  3 centaurs
  2 ogres
  2 big kobolds (D:7)
  4 bullfrogs
  9 killer bees
  A scorpion (D:8)
  3 wights (D:7)
  2 howler monkeys
  4 crimson imps
  A jelly (D:5)
  An orc priest (D:4)
  A bullfrog skeleton (D:5)
  3 iguanas
  2 orc wizards (D:5)
  4 worker ants
  A killer bee zombie (D:8)
  10 gnolls
  12 adders
  2 shadow imps
  An adder zombie (D:6)
  4 worms
  A dart slug (D:2)
  5 leopard geckos
  15 orcs
  4 ball pythons
  8 giant cockroaches
  A goblin (D:2)
  2 hobgoblins
  17 jackals
  20 kobolds
  5 quokkas
  7 bats
  A frilled lizard (D:4)
  A jackal skeleton (D:5)
  5 rats
170 creatures vanquished.

Vanquished Creatures (others)
  4 slaves (D:8)
  An orc (D:8)
  3 kobolds (D:8)
8 creatures vanquished.

Grand Total: 178 creatures vanquished

Notes
Turn   | Place    | Note
-------+----------+-------------------------------------------
     0 | D:1      | Jannitor the Demonspawn Enchanter began the quest for the Orb.
     0 | D:1      | Reached XP level 1. HP: 13/13 MP: 3/3
    46 | D:1      | Reached skill level 1 in Short Blades
   307 | D:1      | Gained mutation: You are partially covered in slimy green scales. (AC +2) [demonic ancestry]
   307 | D:1      | Reached XP level 2. HP: 19/19 MP: 5/5
   803 | D:2      | Learned a level 2 spell: Ensorcelled Hibernation
  1706 | D:2      | Gained mutation: You are mostly covered in slimy green scales. (AC +3) [demonic ancestry]
  1706 | D:2      | Reached XP level 3. HP: 12/24 MP: 3/6
  1848 | D:2      | Learned a level 3 spell: Confuse
  1859 | D:2      | Found a burning altar of Makhleb.
  1860 | D:2      | Found a glowing silver altar of Zin.
  1860 | D:2      | Noticed an angel
  1861 | D:2      | Noticed a blizzard demon
  1902 | D:2      | Found a shattered altar of Ashenzari.
  2929 | D:3      | Reached XP level 4. HP: 30/30 MP: 7/7
  2933 | D:3      | Noticed Ijyb
  3778 | D:3      | Found a faded altar of an unknown god.
  4143 | D:4      | Reached skill level 1 in Ice Magic
  4143 | D:4      | Reached XP level 5. HP: 35/35 MP: 8/8
  4148 | D:4      | Reached skill level 1 in Evocations
  5257 | D:4      | Found a staircase to the Ecumenical Temple.
  5303 | Temple   | Entered the Ecumenical Temple
  5430 | Temple   | Reached skill level 1 in Throwing
  5430 | Temple   | Gained mutation: You have sharp fingernails. [demonic ancestry]
  5430 | Temple   | Reached XP level 6. HP: 41/41 MP: 4/9
  5662 | Temple   | Became a worshipper of Warmaster Okawaru
  5790 | D:5      | Entered Level 5 of the Dungeon
  6155 | D:5      | Reached skill level 1 in Armour
  6657 | D:5      | Gained mutation: You are slightly more attuned to the shadows. [demonic ancestry]
  6657 | D:5      | Reached XP level 7. HP: 46/46 MP: 3/10
  7378 | D:6      | Reached * piety under Okawaru
  7426 | D:6      | Found a sparkling altar of Nemelex Xobeh.
  7426 | D:6      | Found a snail-covered altar of Cheibriados.
  7539 | D:6      | Noticed a kobold demonologist
  7545 | D:6      | Found a transporter.
  7551 | D:6      | Found a transporter.
  7573 | D:6      | Noticed a yak
  7645 | D:6      | Noticed a yak
  7737 | D:6      | Reached skill level 5 in Hexes
  8266 | D:7      | Found a runed door.
  8288 | D:7      | Gained mutation: You have very sharp fingernails. [demonic ancestry]
  8288 | D:7      | Reached XP level 8. HP: 46/52 MP: 4/11
  8389 | D:7      | Found the +10 large shield of Ignorance {rN+ Int-4}
  8453 | D:7      | Found a runed door.
  8459 | D:7      | Noticed an orange crystal statue
  8585 | D:7      | Reached skill level 5 in Stealth
  9387 | D:8      | Noticed Pikel
  9425 | D:7      | Killed Pikel
  9425 | D:7      | Reached ** piety under Okawaru
  9425 | D:7      | Reached skill level 5 in Throwing
  9555 | D:8      | Noticed a komodo dragon
  9580 | D:8      | Reached skill level 1 in Invocations
  9694 | D:8      | Found a hide-covered altar of Uskayaw.
  9705 | D:8      | Found a radiant altar of Vehumet.
  9929 | D:7      | Gained mutation: You are partially covered in sharp spines. [demonic ancestry]
  9929 | D:7      | Reached XP level 9. HP: 56/57 MP: 9/12
 10403 | D:8      | Noticed Grum
 10404 | D:8      | Reached *** piety under Okawaru
 10904 | D:8      | Reached skill level 5 in Short Blades
 11212 | D:8      | Noticed a queen bee
 11401 | D:7      | Noticed an orange crystal statue
 11401 | D:7      | Noticed an orange crystal statue
 11401 | D:7      | Noticed an orange crystal statue
 11593 | D:7      | HP: 1/57 [poisoned by a killer bee]
 11594 | D:7      | Succumbed to a killer bee's poison

Skill      XL: |  1  2  3  4  5  6  7  8  9 |
---------------+----------------------------+-----
Short Blades   | 1 2 3 4 5 |  5.2
Stealth        | 3 4 5 6 |  6.1
Hexes          | 4 5 6 |  6.5
Ice Magic      | 1 |  1.2
Evocations     | 1 |  1.0
Throwing       | 1 2 3 5 6 |  6.3
Armour         | 1 2 3 4 |  4.0
Invocations    | 1 3 |  3.4
Dodging        | |  1.7
Spellcasting   | |  2.0

Action                   |  1- 3 |  4- 6 |  7- 9 || total
-------------------------+-------+-------+-------++-------
Melee: Dagger            |   122 |   287 |   268 ||   677
 Fire: Blowgun           |       |    51 |    26 ||    77
Throw: Stone             |     2 |       |       ||     2
 Cast: Corona            |     6 |       |     2 ||     8
       Ensorcelled Hiber |    10 |    40 |    68 ||   118
       Confuse           |     1 |     5 |    11 ||    17
Invok: Heroism           |       |       |     1 ||     1
  Use: Potion            |     4 |       |     2 ||     6
       Scroll            |       |     4 |    12 ||    16
 Stab: Sleeping          |    15 |    23 |    41 ||    79
       Confused          |       |     1 |     6 ||     7
  Eat: Chunk             |     7 |    10 |    11 ||    28
       Ration            |       |     2 |     3 ||     5
Armor: Robe              |    51 |    52 |       ||   103
       Leather armour    |       |    55 |   138 ||   193
Dodge: Dodged            |    78 |   169 |   212 ||   459
